Map: Blackpink LE

Players

FisterRoboto

  • Race: Zerg Zerg
  • League: Diamond
  • Spawn Location: 7:00

Speakthen - Winner!

  • Race: Terran Terran
  • League: Master
  • Spawn Location: 1:00

VOD

Have the link to the VOD?

Description

Time

  • Played on: Jan. 6, 2018, 10:55 p.m.
  • Length: 11:36
Show
View Real Time Build Order
Export as new Build Order

FisterRoboto Zerg 

Build Orders: Hatch First 

Get SALT Encoding   

  12  0:02  Drone  
  13  0:12  Overlord  
  13  0:17  Drone  
  14  0:31  Drone x2  
  16  0:35  Drone  
  17  0:53  Hatchery  
  17  0:55  Drone  
  17  0:57  Drone  
  18  1:09  Extractor  
  17  1:12  Spawning Pool  
  17  1:15  Drone  
  17  1:18  Drone  
  18  1:28  Drone  
  20  1:40  Drone  
  20  1:50  Overlord  
  20  2:01  Queen  
  20  2:05  Queen  
  20  2:06  Zergling x4  
  26  2:18  Hatchery  
  26  2:22  Metabolic Boost  
  25  2:27  Drone  
  26  2:31  Drone  
  26  2:34  Drone  
  28  2:38  Drone  
  29  2:44  Drone x2  
  29  2:49  Overlord  
  31  2:55  Pneumatized Carapace  
  31  2:59  Drone  
  32  3:08  Drone  
  32  3:10  Drone x2  
  32  3:11  Drone  
  32  3:12  Drone  
  37  3:16  Queen  
  37  3:19  Drone  
  40  3:24  Drone x2  
  42  3:27  Drone x2  
  42  3:33  Overlord  
  44  3:39  Zergling x8  
  48  3:47  Zergling x4  
  50  3:48  Overlord  
  50  3:55  Baneling Nest  
  49  4:08  Roach Warren  
  49  4:09  Extractor  
  47  4:10  Queen  
  47  4:11  Queen x2  
  53  4:26  Drone x2  
  53  4:27  Extractor, Drone x2  
  53  4:28  Drone x2  
  58  4:32  Overlord  
  58  4:33  Overlord x2  
  58  4:40  Overlord x2  
  58  4:47  Evolution Chamber  
  58  4:49  Evolution Chamber  
  58  4:51  Queen  
  58  4:56  Drone x2  
  58  4:57  Drone  
  58  4:58  Drone  
  62  5:01  Drone  
  63  5:07  Overlord  
  63  5:10  Roach  
  63  5:11  Roach  
  63  5:13  Roach  
  69  5:18  Roach  
  69  5:19  Roach  
  62  5:36  Roach x6  
  67  5:43  Drone  
  67  5:44  Drone x2  
  70  5:54  Drone x3  
  73  5:59  Drone  
  73  6:00  Drone x2  
  73  6:01  Drone  
  77  6:10  Drone x3  
  80  6:12  Spore Crawler  
  79  6:21  Drone x4  
  83  6:26  Overlord  
  82  6:37  Overlord x3  
  81  6:41  Zerg Missile Weapons Level 1  
  81  6:44  Zerg Ground Armor Level 1  
  81  6:48  Drone x2  
  83  7:01  Drone x6  
  88  7:03  Drone  
  85  7:13  Drone x4  
  88  7:21  Lair  
  88  7:27  Drone x4  
  92  7:33  Drone  
  92  7:34  Drone x3  
  92  7:35  Drone  
  97  7:43  Queen  
  99  7:45  Drone x4  
  103  7:59  Drone x3  
  105  8:12  Extractor  
  94  8:13  Extractor, Hatchery  
  94  8:18  Extractor  
  91  8:26  Queen  
  93  8:29  Glial Reconstitution  
  93  8:30  Hydralisk Den  
  93  8:32  Drone x3  
  93  8:33  Drone x3  
  98  8:36  Roach x3  
  98  8:37  Overlord  
  98  8:38  Overlord x4  
  104  8:47  Overlord x2  
  104  8:52  Hatchery  
  103  8:57  Roach x9  
  121  9:12  Hydralisk  
  121  9:13  Hydralisk x4  
  131  9:18  Hydralisk x2  
  135  9:26  Spore Crawler, Hydralisk x7  
  148  9:40  Drone x4  
  148  9:41  Drone  
  153  9:47  Drone x5  
  153  9:48  Drone  
  159  9:54  Drone x2  
  159  9:55  Drone, Hydralisk  
  159  9:56  Hydralisk  
  166  10:02  Overlord x2  
  162  10:18  Hydralisk x4  
  162  10:19  Hydralisk x4  
  140  10:21  Roach  
  140  10:22  Roach  
  140  10:28  Roach x3  
  150  10:32  Roach x3  
  148  10:44  Hydralisk  
  148  10:45  Hydralisk x5  
  142  10:51  Roach  
  142  10:52  Roach x2  
  142  10:55  Hydralisk x2  
  138  11:00  Queen  
  144  11:10  Roach x5  
  138  11:14  Roach  
  138  11:15  Roach  
Show
View Real Time Build Order
Export as new Build Order

Speakthen Terran - Winner!

Build Orders: Command Center First (CC), Liberator Opening, Mech 

Get SALT Encoding   

  12  0:00  SCV  
  13  0:12  SCV  
  14  0:18  Supply Depot  
  14  0:25  SCV  
  15  0:39  SCV  
  16  0:52  SCV  
  17  0:59  Command Center  
  17  1:04  SCV  
  18  1:13  Barracks  
  18  1:16  SCV  
  19  1:21  Refinery  
  19  1:28  SCV  
  19  1:30  Refinery  
  20  1:40  SCV  
  22  2:00  Marine, Orbital Command  
  22  2:08  Factory  
  22  2:11  Orbital Command  
  22  2:17  Supply Depot  
  22  2:23  Barracks Reactor  
  22  2:28  SCV  
  23  2:36  SCV  
  24  2:41  SCV  
  25  2:48  SCV  
  26  2:53  Starport  
  26  3:03  SCV x2  
  26  3:05  Hellion x2  
  32  3:08  Barracks Tech Lab  
  32  3:15  SCV x2  
  32  3:16  Supply Depot  
  34  3:26  Hellion x2  
  38  3:32  Viking, Factory  
  38  3:33  SCV  
  41  3:34  SCV  
  41  3:40  Supply Depot  
  42  3:45  SCV  
  42  3:46  SCV  
  42  3:48  Liberator  
  44  3:49  Hellion  
  44  3:50  Hellion  
  48  3:57  SCV  
  48  3:58  SCV  
  50  4:04  Supply Depot  
  50  4:09  SCV  
  54  4:10  SCV  
  54  4:13  Hellion x2  
  59  4:21  Infernal Pre-Igniter  
  59  4:22  SCV x2  
  61  4:30  Supply Depot  
  61  4:39  SCV x2  
  61  4:43  Supply Depot, Liberator  
  63  4:46  Supply Depot  
  63  4:48  Hellion x2, Siege Tank  
  70  5:01  SCV x2  
  75  5:18  Command Center  
  57  5:43  Siege Tank  
  57  5:44  Hellion  
  62  5:55  SCV x2  
  64  5:57  Starport Reactor  
  64  6:00  Refinery  
  64  6:02  Refinery, Hellion  
  64  6:03  Factory  
  66  6:05  Hellion  
  68  6:14  SCV x2  
  68  6:16  Armory, Hellion  
  72  6:26  SCV x2  
  69  6:38  Viking x2, Hellion x2, SCV x2  
  75  6:46  Siege Tank  
  75  6:47  Factory Tech Lab  
  78  6:48  Orbital Command  
  78  6:50  SCV x2  
  80  6:55  Armory  
  80  7:01  Hellion x2  
  84  7:02  SCV  
  85  7:09  Orbital Command  
  85  7:12  Siege Tank  
  85  7:14  SCV x2  
  81  7:25  Siege Tank  
  81  7:26  Hellion x2  
  81  7:27  SCV x2  
  90  7:32  Terran Vehicle Weapons Level 1  
  90  7:40  Medivac  
  90  7:41  SCV x2  
  90  7:43  Refinery  
  94  7:47  Refinery  
  94  7:49  SCV  
  95  7:53  Supply Depot, SCV x2  
  95  7:54  Supply Depot  
  97  8:02  SCV  
  97  8:03  Siege Tank x2  
  97  8:04  Hellion x2  
  97  8:05  SCV x2  
  102  8:14  SCV  
  102  8:15  Supply Depot  
  102  8:17  SCV x2  
  102  8:18  Supply Depot  
  105  8:20  Medivac x2  
  105  8:26  SCV  
  110  8:29  SCV x2  
  110  8:31  Supply Depot  
  110  8:32  Hellion x2  
  110  8:34  Terran Vehicle And Ship Armor Level 1  
  116  8:38  SCV  
  116  8:40  Siege Tank x2  
  123  8:55  Command Center  
  123  8:56  Supply Depot x2  
  123  9:03  Medivac, Hellion x2  
  123  9:06  Factory  
  123  9:07  Factory  
  129  9:15  Command Center  
  127  9:22  Siege Tank x2  
  131  9:33  Medivac x2  
  135  9:44  Hellion x2  
  139  9:46  Supply Depot  
  139  9:47  Supply Depot  
  139  9:58  Siege Tank, Factory Tech Lab, Factory Reactor  
  142  10:01  Command Center  
  142  10:04  Siege Tank  
  145  10:10  Refinery  
  145  10:11  Refinery  
  131  10:22  Hellion x2  
  131  10:28  Engineering Bay  
  135  10:31  Widow Mine, Hellion  
  139  10:36  Hellion  
  130  10:50  Hellion x4  
  130  10:52  Siege Tank x2  
  130  10:56  Factory  
  136  10:57  Factory  
  136  10:58  Factory  
  136  11:00  Planetary Fortress  
  126  11:15  Hellion  
  137  11:26  Supply Depot x2  
Tags
 
Add a new tag
Caveats
  • Supply blocks, unpowered buildings, or Contaminate may cause inaccurate times.
  • Supply counts are checked every 10 seconds.